 Dungeon Crawl Stone Soup version 0.27.1-33-g824d729ab1 (console) character file.

Game seed: 15972948287076780700

114 Banquo the Chopper (level 5, -3/40 HPs)
             Began as a Djinni Berserker on Dec 20, 2021.
             Was a Believer of Trog.
             Slain by a gnoll (9 damage)
             ... on level 3 of the Dungeon.
             The game lasted 00:05:30 (2459 turns).

Banquo the Chopper (Djinni Berserker)               Turns: 2459, Time: 00:05:30

Health: -3/40      AC:  8    Str: 17    XL:     5   Next: 19%
Gold:   33         EV:  7    Int:  8    God:    Trog [**....] SH:  0 Dex: 13

rFire    + + .     SeeInvis .   a - +0 hand axe
rCold    x . .     Faith    .   (no shield)
rNeg     . . .     Spirit   .   g - +0 chain mail
rPois    ∞         Reflect  .   (no helmet)
rElec    .         Harm     .   (no cloak)
rCorr    .         Rampage  .   (no gloves)
Will     ++...                  (boots unavailable)
Stlth    ..........             (no amulet)
HPRegen  1.13/turn              (no ring)
MPRegen  0.00/turn              (no ring)

@: strong-willed, on berserk cooldown, flying, regenerating, slowed, very slow
A: sickness immunity, fire resistance 2, cold vulnerability 1, float, innate
caster, hp casting, extra vitality 1
a: Renounce Religion, Berserk, Trog's Hand


You were on level 3 of the Dungeon.
You worshipped Trog.
Trog was pleased with you.
You visited 1 branch of the dungeon, and saw 3 of its levels.

You collected 33 gold pieces.

Inventory:

Hand Weapons
 a - a +0 hand axe (weapon)
 n - a +0 spear
Missiles
 d - 62 stones (quivered)
Armour
 b - a +0 animal skin
 c - a +0 ring mail
 g - a +0 chain mail (worn)
 k - a +0 scale mail
Scrolls
 e - 4 scrolls of identify {unknown}
 f - a scroll of teleportation {unknown}
 h - a scroll of magic mapping {unknown}
 l - 3 scrolls of enchant weapon {unknown}
Potions
 i - a potion of mutation {unknown}
 j - a potion of lignification {unknown}
 m - a potion of curing {unknown}


   Skills:
 + Level 3.5 Fighting
 * Level 4.0 Axes
 * Level 2.5 Armour
 - Level 2.1 Dodging


You had one spell level left.
You knew the following spells:

 Your Spells              Type           Power      Damage    Failure   Level
a - Apportation           Tloc           0%         N/A       100%        1
b - Passwall              Tmut/Erth      0%         N/A       100%        2
Your spell library was empty.


Dungeon Overview and Level Annotations

Branches:
Dungeon (3/15)

Altars:


Innate Abilities, Weirdness & Mutations

You are immune to sickness and miasma.
You are immune to poison.
Your flesh is very heat resistant. (rF++)
You are vulnerable to cold. (rC-)
You float through the air rather than walking.
You learn spells naturally, not from books.
Your magical power is your life essence.
You have superior vitality. (+4 HP)


Message History

The gnoll is heavily wounded.
The gnoll hits you with a +0 whip.
You slash the gnoll!
You kill the gnoll!
Trog accepts your kill. The gnoll hits you but does no damage.
You closely miss the gnoll. The gnoll hits you but does no damage.
You slash the gnoll!
The gnoll is almost dead.
You hear a shout!
A gnoll comes into view. It is wielding a +0 flail.
You hit the gnoll.
You kill the gnoll!
Trog accepts your kill.
You have reached level 5!
The power to cast Passwall wells up from within.
Spell assigned to 'b'.
Things that are here:
a +0 flail; a viscous grey potion You slash the gnoll!
The gnoll is severely wounded.
The gnoll hits you but does no damage.
You hit the gnoll.
You kill the gnoll!
Trog accepts your kill.
Your Axes skill increases to level 4!
You are no longer berserk.
You are exhausted.
You feel yourself slow down.
Your skin crawls.
You feel strong-willed. The gnoll barely misses you.
The gnoll hits you from afar with a +0 halberd!
* * * LOW HITPOINT WARNING * * *
The gnoll hits you with a +0 halberd!
* * * LOW HITPOINT WARNING * * *
You hit the gnoll.
The gnoll is heavily wounded.
The gnoll closely misses you. The gnoll hits you with a +0 halberd!
You die...

.###.# #.#.# ##'##
###.# ## #.. ..#.# #.#
#.# # ### ###.# ###.#
#.# #.# ##.#.## #.# #.#
##.#...## #.#
#.#####.###...# #.#
#..>...## ##.########)#
######..###.#.........#
#@#.#..#.#########
#g##.....# #.####.###
######.####.#
#...)..))...#
#.#######.#.# #.# #.#.#
####### #.# #####.#.#
#...... #.# #.<.....#
#.....>


You could see a gnoll.

Vanquished Creatures
  3 gnolls (D:3)
  2 adders (D:2)
  4 dart slugs
  2 orcs (D:3)
  8 endoplasms
  4 giant cockroaches
  2 goblins
  2 hobgoblins (D:1)
  8 jackals
  5 kobolds
  A quokka (D:1)
  3 ball pythons
  4 bats
  2 frilled lizards (D:1)
  3 rats
53 creatures vanquished.

Notes
Turn   | Place    | Note
-------+----------+-------------------------------------------
     0 | D:1      | Banquo the Djinni Berserker began the quest for the Orb.
     0 | D:1      | Reached XP level 1. HP: 20/20 MP: 0/0
   155 | D:1      | Reached XP level 2. HP: 25/25 MP: 0/0
   374 | D:1      | Found a faded altar of an unknown god.
   752 | D:1      | Reached skill level 3 in Axes
   752 | D:1      | Reached XP level 3. HP: 29/30 MP: 0/0
   752 | D:1      | Learned a level 1 spell: Apportation
   864 | D:1      | Reached ** piety under Trog
  1501 | D:2      | Reached XP level 4. HP: 33/35 MP: 0/0
  2449 | D:3      | Reached XP level 5. HP: 26/40 MP: 0/0
  2449 | D:3      | Learned a level 2 spell: Passwall
  2452 | D:3      | Reached skill level 4 in Axes
  2459 | D:3      | Slain by a gnoll

Illustrated notes

Levels and vault maps discovered:
D:1:      heliophobic_arrival_henge, layout_basic,
          shapermc_ecumenical_altar_venn, minmay_3d_cube
D:2:      layout_rooms
D:3:      layout_loops_corners

Skill      XL: |  1  2  3  4  5 |
---------------+----------------+-----
Axes           | 3 4 |  4.0
Fighting       | |  3.5
Armour         | |  2.5
Dodging        | |  2.1

Action                   |  1- 3 |  4- 6 || total
-------------------------+-------+-------++-------
Melee: Hand axe          |   106 |    78 ||   184
Invok: Berserk           |     3 |     1 ||     4
       Trog's Hand       |       |     1 ||     1
Armor: Ring mail         |    31 |       ||    31
       Chain mail        |    22 |    48 ||    70
Dodge: Dodged            |    62 |    34 ||    96
